 Dungeon Crawl Stone Soup version 0.17.0-19-gb37c632 (console) character file.

949 Kloppie the Chucker (level 7, -3/61 HPs)
             Began as a Demigod Hunter on Nov 12, 2015.
             Slain by Menkaure (9 damage)
             ... on level 5 of the Dungeon.
             The game lasted 00:13:33 (5037 turns).

Kloppie the Chucker (Demigod Hunter)                Turns: 5037, Time: 00:13:34

Health: -3/61      AC:  6    Str: 19    XL:     7   Next: 58%
Magic:  9/9        EV: 11    Int: 18    God:
Gold:   274        SH:  0    Dex: 16    Spells: 0 memorised, 6 levels left

rFire  . . .     SeeInvis .     b - +0 halberd
rCold  . . .     Clarity  .     h - +0 ring mail
rNeg   . . .     SustAt   +     (shield currently unavailable)
rPois  .         Gourm    .     (no helmet)
rElec  .         Spirit   .     H - +0 cloak
rCorr  .         Warding  .     (no gloves)
rMut   .         Stasis   .     (no boots)
MR     .....                    G - amulet of regeneration
Stlth  +.........               (no ring)
                                q - +3 ring of intelligence

@: not resistant to hostile enchantments, very unstealthy
A: high mp 1, sustain attributes
a: no special abilities


You were on level 5 of the Dungeon.
You were not hungry.

You visited 1 branch of the dungeon, and saw 5 of its levels.

You collected 274 gold pieces.

Inventory:

Hand Weapons
 a - a +0 trident
 b - a +0 halberd (weapon)
 c - a +0 short sword
Missiles
 n - 6 tomahawks (quivered)
Armour
 d - a +0 leather armour
 h - a +0 ring mail (worn)
 u - a +0 chain mail
 H - a +0 cloak (worn)
Jewellery
 q - a +3 ring of intelligence (left hand)
 y - an uncursed amulet of resist mutation
 E - an uncursed ring of fire
 G - an amulet of regeneration (around neck)
Scrolls
 g - 4 scrolls of remove curse
 o - 2 scrolls of enchant weapon {unknown}
 p - 2 scrolls of teleportation
 r - a scroll of immolation {unknown}
 s - 2 scrolls of amnesia {unknown}
 I - a scroll of identify
Potions
 f - 3 potions of agility
 j - 4 potions of curing {unknown}
 k - 3 potions of might {unknown}
 m - 2 potions of degeneration {unknown}
 v - a potion of berserk rage {unknown}
 w - 2 potions of lignification {unknown}
 z - a potion of cancellation
Books
 t - a book of Changes

   Spells                             Type                      Level
   a - Beastly Appendage              Transmutation                1
   b - Sticks to Snakes               Transmutation                2
   c - Spider Form                    Transmutation/Poison         3
   d - Ice Form                       Ice/Transmutation            4
   e - Blade Hands                    Transmutation                5
 B - a book of Frost

   Spells                             Type                      Level
   a - Freeze                         Ice                          1
   b - Throw Frost                    Conjuration/Ice              2
   c - Ozocubu's Armour               Charms/Ice                   3
   d - Throw Icicle                   Conjuration/Ice              4
   e - Summon Ice Beast               Ice/Summoning                4
   f - Condensation Shield            Ice                          4
 C - a book of the Tempests

   Spells                             Type                      Level
   a - Static Discharge               Conjuration/Air              3
   b - Lightning Bolt                 Conjuration/Air              5
   c - Fireball                       Conjuration/Fire             5
   d - Tornado                        Air                          9
   e - Shatter                        Earth                        9
Comestibles
 e - a bread ration
 x - a meat ration
 A - a beef jerky
 D - a fruit


   Skills:
 + Level 5.1 Fighting
 + Level 4.5 Polearms
 - Level 5.3 Throwing
 + Level 2.1 Armour
 - Level 1.7 Dodging
 - Level 0.8 Stealth


You had 6 spell levels left.
You didn't know any spells.

Dungeon Overview and Level Annotations

Branches:
Dungeon (5/15)
 Temple: D:4-7

Annotations:
D:5 Menkaure


Innate Abilities, Weirdness & Mutations

You have an increased reservoir of magic (+10% MP).
Your attributes are resistant to harm.


Message History

You hit Menkaure but do no damage.
Menkaure is almost destroyed.
Menkaure calls on the powers of darkness!
Your body is wracked with pain!
You barely miss Menkaure.
Menkaure is almost destroyed.
Menkaure calls on the powers of darkness!
Your body is wracked with pain!
* * * LOW HITPOINT WARNING * * *
Menkaure hits you but does no damage.
You barely miss Menkaure.
Menkaure is almost destroyed.
Menkaure points at you and mumbles some strange words.
You struggle to resist.
Menkaure hits you!
* * * LOW HITPOINT WARNING * * *
You hit Menkaure.
Menkaure is almost destroyed.
Menkaure hits you!
You die...

.# .### #.....
...# #.......#
.#.# #.......
.#.# #.......
.#.### ......
.#...# ....
.###.#
#.############
.# #.#
#...@M$..(.(.(
.# #.#
#.############
.#
#.########.#.#
.#
#............#
.#
##########.#.#
.# #.#.# #.# #
#.# #.#


You could see Menkaure.

Vanquished Creatures
  2 ogres (D:4)
  A quasit (D:3)
  2 hounds
  A giant frog skeleton (D:4)
  A worker ant (D:4)
  Crazy Yiuf (D:5)
  An iguana (D:4)
  5 orc priests
  5 orc wizards
  Natasha (twice) (D:3)
  13 gnolls
  2 adders
  4 worms
  21 orcs
  A ball python (D:2)
  11 bats
  5 giant cockroaches
  6 goblins
  9 hobgoblins
  8 jackals
  3 giant newts
  5 kobolds
  A quokka skeleton (D:4)
  3 rats
113 creatures vanquished.

Vanquished Creatures (others)
  5 sheep (D:4)
  A fungus (D:5)
6 creatures vanquished.

Grand Total: 119 creatures vanquished

Notes
Turn   | Place    | Note
--------------------------------------------------------------
     0 | D:1      | Kloppie the Demigod Hunter began the quest for the Orb.
     0 | D:1      | Reached XP level 1. HP: 17/17 MP: 3/3
   297 | D:1      | Reached XP level 2. HP: 22/24 MP: 4/4
  1121 | D:2      | Reached skill level 1 in Polearms
  1240 | D:2      | Reached XP level 3. HP: 22/30 MP: 5/5
  1517 | D:2      | Found a snail-covered altar of Cheibriados.
  1684 | D:2      | Reached skill level 4 in Throwing
  1937 | D:3      | Reached XP level 4. HP: 30/38 MP: 6/6
  2381 | D:3      | Noticed Natasha
  2388 | D:3      | Killed Natasha
  2388 | D:3      | Reached XP level 5. HP: 27/45 MP: 7/7
  2604 | D:3      | Noticed Natasha
  2604 | D:3      | Killed Natasha
  2681 | D:4      | Found an ancient bone altar of Kikubaaqudgha.
  2681 | D:4      | Found a glowing silver altar of Zin.
  3021 | D:4      | Noticed an ogre
  3040 | D:4      | Killed an ogre
  3040 | D:4      | Reached skill level 5 in Throwing
  3040 | D:4      | Reached XP level 6. HP: 50/52 MP: 8/8
  3048 | D:4      | Noticed an ogre
  3052 | D:4      | Killed an ogre
  3212 | D:4      | Found a shimmering altar of Xom.
  3456 | D:5      | Entered Level 5 of the Dungeon
  3883 | D:5      | Reached XP level 7. HP: 49/60 MP: 9/9
  3956 | D:4      | Reached skill level 1 in Armour
  4541 | D:5      | Noticed Crazy Yiuf
  4549 | D:5      | Killed Crazy Yiuf
  4668 | D:5      | Found a blossoming altar of Fedhas.
  4670 | D:5      | Found a stormy altar of Qazlal.
  4850 | D:4      | Reached skill level 5 in Fighting
  5023 | D:5      | Noticed Menkaure
  5037 | D:5      | Slain by Menkaure

Action                   |  1- 3 |  4- 6 |  7- 9 || total
-------------------------+-------+-------+-------++-------
Melee: Spear             |   129 |    71 |       ||   200
       Halberd           |       |    93 |   130 ||   223
Throw: Javelin           |    31 |    34 |    14 ||    79
       Throwing net      |       |     2 |       ||     2
  Use: Scroll            |       |     5 |       ||     5
       Potion            |       |       |     1 ||     1
 Stab: Sleeping          |     2 |     1 |     1 ||     4
       Distracted        |     1 |       |       ||     1
  Eat: Chunk             |     3 |     7 |     5 ||    15
